 Dungeon Crawl Stone Soup version 0.30-a0-852-g08b95dd62f (webtiles) character file.

Game seed: 10972028748572703592

157 cforsyth the Magician (level 5, -1/28 HPs)
             Began as a Deep Elf Earth Elementalist on Mar 5, 2023.
             Slain by Ijyb
             ... wielding a +0 club
              (2 damage)
             ... on level 3 of the Dungeon.
             The game lasted 00:02:04 (2140 turns).

cforsyth the Magician (Deep Elf Earth Elementalist) Turns: 2140, Time: 00:02:05

Health: -1/28      AC:  2    Str:  5    XL:     5   Next: 15%
Magic:  9/15       EV: 12    Int: 22    God:
Gold:   158        SH:  0    Dex: 15    Spells: 14/15 levels left

rFire   . . .      SeeInvis .    (no weapon)
rCold   . . .      Faith    .    (no shield)
rNeg    . . .      Spirit   .    a - +0 robe
rPois   .          Reflect  .    (no helmet)
rElec   .          Rampage  .    (no cloak)
rCorr   .                        (no gloves)
Will    .....                    (no boots)
Stlth   ++                       (no amulet)
HPRegen 0.24/turn                (no ring)
MPRegen 0.14/turn                (no ring)

@: no status effects
A: no striking features
a: no special abilities


You were on level 3 of the Dungeon.
You visited 1 branch of the dungeon, and saw 3 of its levels.

You collected 158 gold pieces.

Inventory:

Armour
 a - a +0 robe (worn)
Scrolls
 d - 6 scrolls of identify {unknown}
 f - 4 scrolls of teleportation {unknown}
 j - a scroll of enchant armour {unknown}
 l - a scroll of blinking {unknown}
Potions
 b - 2 potions of magic
 c - a potion of attraction {unknown}
 e - a potion of resistance {unknown}
 g - a potion of heal wounds {unknown}
 h - 2 potions of brilliance {unknown}
 i - a potion of berserk rage {unknown}
 k - 3 potions of curing {unknown}
 m - a potion of haste {unknown}
 n - a potion of invisibility {unknown}


   Skills:
 - Level 2.4 Dodging
 - Level 2.4 Stealth
 + Level 5.5 Spellcasting
 - Level 1.1 Transmutations
 + Level 5.1 Earth Magic


You had 14 spell levels left.
You knew the following spells:

 Your Spells              Type           Power      Damage    Failure   Level
a - Sandblast             Erth           56%        2d13      1%          1

Your spell library contained the following spells:

 Spells                   Type           Power      Damage    Failure   Level
 Passwall                 Tmut/Erth      15%        N/A       4%          2
 Sting                    Tmut/Pois      32%        1d4       8%          1
 Stone Arrow              Conj/Erth      34%        3d9       10%         3
 Cigotuvi's Dreadful Rot  Necr/Pois/Air  12%        N/A       14%         2
 Poisonous Vapours        Pois/Air       12%        N/A       14%         2
 Petrify                  Tmut/Erth      19%        N/A       26%         4
 Mephitic Cloud           Conj/Pois/Air  6%         N/A       28%         3


Dungeon Overview and Level Annotations

Branches:
Dungeon (3/15)

Altars:

Annotations:
D:3 Ijyb


Message History

You kill the kobold!
You can't see any susceptible monsters within range! (Use Z to cast anyway.)
You can't see any susceptible monsters within range! (Use Z to cast anyway.) HP restored.
k - 3 golden potions (gained 1)
Things that are here:
a +0 club; a +0 robe
Items here: )) ††.
Ijyb the Twisted Goblin comes into view.
She is wielding a +0 club and carrying a wand of flame (10).
Ijyb is nearby!
Ijyb is nearby!
Ijyb is nearby!
Ijyb shouts!
The blast of sand hits Ijyb.
Ijyb is lightly wounded.
The blast of sand hits Ijyb but does no damage.
Ijyb is lightly wounded.
Ijyb hits you with a +0 club.
The blast of sand hits Ijyb.
Ijyb is moderately wounded.
Ijyb zaps a wand.
The puff of flame hits you.
The blast of sand hits Ijyb!
Ijyb is severely wounded.
Ijyb hits you with a +0 club. Ijyb barely misses you.
The blast of sand hits Ijyb.
Ijyb is almost dead.
Ijyb hits you but does no damage.
The blast of sand misses Ijyb.
Ijyb zaps a wand.
The puff of flame hits you!
* * * LOW HITPOINT WARNING * * *
Ijyb hits you with a +0 club.
* * * LOW HITPOINT WARNING * * *
Casting: Sandblast (safe; 1% risk of failure)
Confirm with . or Enter, or press ? or * to list all spells.
Aiming: Sandblast (safe; 1% risk of failure)
Press: ? - help, Shift-Dir - straight line, f/p - Ijyb
Aim: Ijyb, wielding a +0 club, wearing a +0 ring mail and carrying a wand of flame (8) (almost dead, 81% to hit)
The blast of sand hits Ijyb.
Ijyb is almost dead.
Ijyb hits you with a +0 club.
You die...

###.####.....##
#.# #.......#
.... #.#
#.......# ....
###.# #.......#
.... #..†#
##.....## #..#
#.#.# ##.....##
#... #.#.#
#.......## ..#
#.#.#
#........##g#
#.#.#
#........#@.#
..#.#
##.....#...##
.##†#
##.[.###..#
.##.### #.###
#..# .##...#
#)# ##.#
#####.# #)# #.#
#.# #.# #.# #
#.# #.# ..#
#####<###.## .#


You could see Ijyb.

Vanquished Creatures
  Jessica (D:3)
  4 gnolls (D:2)
  3 adders
  A worm (D:2)
  A dart slug (D:2)
  An orc (D:3)
  7 endoplasms
  2 giant cockroaches
  6 goblins
  2 hobgoblins
  6 jackals (D:1)
  9 kobolds
  2 quokkas
  5 ball pythons
  3 bats
  2 frilled lizards
  3 rats (D:3)
58 creatures vanquished.

Vanquished Creatures (others)
  A fungus (D:1)
1 creature vanquished.

Grand Total: 59 creatures vanquished

Notes
Turn   | Place    | Note
-------+----------+-------------------------------------------
     0 | D:1      | cforsyth the Deep Elf Earth Elementalist began the quest
                  | for the Orb.
     0 | D:1      | Reached XP level 1. HP: 10/10 MP: 6/6
   123 | D:1      | Reached XP level 2. HP: 15/15 MP: 1/8
   362 | D:1      | Found a faded altar of an unknown god.
   396 | D:1      | Got Plato's Folio of Contamination
   859 | D:1      | Reached XP level 3. HP: 19/19 MP: 8/10
  1189 | D:2      | Reached XP level 4. HP: 15/24 MP: 3/12
  1391 | D:2      | Reached skill level 5 in Spellcasting
  2074 | D:3      | Noticed Jessica
  2077 | D:3      | Killed Jessica
  2078 | D:3      | Reached skill level 5 in Earth Magic
  2078 | D:3      | Reached XP level 5. HP: 22/28 MP: 13/15
  2132 | D:3      | Noticed Ijyb
  2139 | D:3      | HP: 1/28 [Ijyb/+0 club (5)]
  2140 | D:3      | Slain by Ijyb

Illustrated notes

Levels and vault maps discovered:
D:1:      lightli_arrival_chessboard, layout_loops_ring,
          shapermc_ecumenical_altar_rom_forum
D:2:      layout_loops_ring
D:3:      layout_rooms, uniq_ijyb, uniq_jessica

Skill      XL: |  1  2  3  4 |
---------------+-------------+-----
Spellcasting   | 4 5 |  5.5
Earth Magic    | 4 5 |  5.1
Dodging        | |  2.4
Stealth        | |  2.4
Transmutations | |  1.1

Action                     |  1- 3 |  4- 6 || total
---------------------------+-------+-------++-------
  Melee: Unarmed           |       |     1 ||     1
   Cast: Sandblast         |    51 |    34 ||    85
 Armour: Robe              |     1 |     1 ||     2
  Dodge: Dodged            |    12 |     1 ||    13

Table legend: (Time is in decaauts)
 A = Elapsed time spent in this place.
 B = Non-inter-level travel time spent in this place.
 C = Inter-level travel time spent in this place.
 D = Time resting spent in this place.
 E = Time spent auto-exploring this place.
 F = Levels seen in this place.
 G = Mean time per level.
                   A        B        C        D        E       F      G
               +--------+--------+--------+--------+--------+-----+--------+
         Total |   2181 |   2137 |     44 |      0 |   1848 |   3 |  727.0 |
       Dungeon |   2181 |   2137 |     44 |      0 |   1848 |   3 |  727.0 |
               +--------+--------+--------+--------+--------+-----+--------+

Top non-repeatable levels by time:
     D:2: 938 daAuts
     D:1: 935 daAuts
     D:3: 307 daAuts
